 Dungeon Crawl Stone Soup version 0.29.1-12-g30fa7ad0bf (webtiles) character file.

Game seed: 2610823223332743672

534 nightchill the Cudgeller (level 7, -3/63 HPs)
             Began as a Minotaur Fighter on Dec 21, 2022.
             Killed from afar by an orc wizard (6 damage)
             ... with a magic dart
             ... on level 4 of the Dungeon.
             The game lasted 00:07:10 (2748 turns).

nightchill the Cudgeller (Minotaur Fighter)         Turns: 2748, Time: 00:07:10

Health: -3/63      AC: 12    Str: 23    XL:     7   Next: 4%
Magic:  6/6        EV:  6    Int:  5    God:
Gold:   197        SH:  4    Dex:  9    Spells: 6/6 levels left

rFire   . . .      SeeInvis .   a - +0 flail
rCold   + . .      Faith    .   c - +0 buckler
rNeg    . . .      Spirit   .   j - +0 plate armour
rPois   +          Reflect  .   (helmet restricted)
rElec   .          Harm     .   (no cloak)
rCorr   .          Rampage  .   (no gloves)
Will    .....                   n - +0 pair of boots
Stlth   ..........              (no amulet)
HPRegen 0.20/turn               d - ring of poison resistance
MPRegen 0.10/turn               w - ring of protection from cold

@: no status effects
A: horns 2, retaliatory headbutt
a: no special abilities


You were on level 4 of the Dungeon.
You visited 1 branch of the dungeon, and saw 4 of its levels.

You collected 197 gold pieces.

Inventory:

Hand Weapons
 a - a +0 flail (weapon)
Missiles
 v - 2 throwing nets (quivered)
Armour
 c - a +0 buckler (worn)
 j - a +0 plate armour (worn)
 n - a +0 pair of boots (worn)
 t - the +0 ring mail of Valiance {Fly rPois}
   (You found it on level 2 of the Dungeon)

   rPois:     It protects you from poison.
   Fly:       It grants you flight.
Magical Staves
 u - a staff of poison
Jewellery
 d - a ring of poison resistance (left hand)
 w - a ring of protection from cold (right hand)
Wands
 r - a wand of digging (4)
Scrolls
 e - a scroll of magic mapping {unknown}
 f - 3 scrolls of brand weapon {unknown}
 g - a scroll of enchant armour {unknown}
 h - a scroll of enchant weapon {unknown}
 k - a scroll of torment {unknown}
 m - a scroll of amnesia {unknown}
 q - a scroll of vulnerability {unknown}
 s - a scroll of teleportation {unknown}
Potions
 b - 2 potions of flight
 i - 3 potions of attraction {unknown}
 l - a potion of curing
 o - a potion of mutation
 p - a potion of ambrosia


   Skills:
 + Level 6.2 Fighting
 * Level 7.7 Maces & Flails
 - Level 3.6 Armour
 - Level 3.6 Shields


You had 6 spell levels left.
You didn't know any spells.
Your spell library contained the following spells:

 Spells                   Type           Power      Damage    Failure   Level
 Blink                    Tloc           0%         N/A       100%        2
 Lesser Beckoning         Tloc           0%         N/A       100%        3
 Manifold Assault         Tloc           0%         N/A       100%        5


Dungeon Overview and Level Annotations

Branches:
Dungeon (4/15)
 Temple: D:4-7

Altars:
Fedhas
Xom

Annotations:
D:3 exclusion: downstairs


Innate Abilities, Weirdness & Mutations

You have a pair of horns on your head.
You reflexively headbutt those who attack you in melee.


Message History

Something tries to affect you, but you resist.
The orc wizard hits you but does no damage.
The orc wizard attacks as you move away!
The orc wizard hits you with a +0 short sword.
You feel less confused.
The orc priest begins to cast a cantrip, but forgets the words!
You hear some strange, mumbled words.
A magic dart appears from out of thin air!
The magic dart hits you!
* * * LOW HITPOINT WARNING * * *
You sock the orc wizard!
You kill the orc wizard!
Something hits you but does no damage.
The orc priest hits you from afar with a +0 spear.
* * * LOW HITPOINT WARNING * * *
The orc priest invokes the aid of Beogh against you.
Pain shoots through your body!
* * * LOW HITPOINT WARNING * * *
Something hits you but does no damage.
Things that are here:
a +0 short sword; a +0 robe; a +0 buckler You sock the orc priest!
You kill the orc priest!
Something hits you but does no damage.
You have reached level 7!
You barely miss something. You block something's attack.
You miss something. Something hits you but does no damage.
You miss something. Your headbutt misses something.
You hear some strange, mumbled words.
A magic dart appears from out of thin air!
The magic dart hits you.
* * * LOW HITPOINT WARNING * * *
You miss something.
You hear some strange, mumbled words.
Something tries to affect you, but you resist.
You hit something. Your headbutt misses something.
You hear some strange, mumbled words.
A magic dart appears from out of thin air!
The magic dart hits you.
You die...

.... #### .o....
##..# ..)... ##...#
......##...######
.o..............#
....##..........# .
####..........#
###.....){......#
.........@......#
#..##...<......#
..#............#
###..........###
#..........#
#.)........#
##.#######.<........#
...............>....#
#.###..............#


There were no monsters in sight!

Vanquished Creatures
  An ice beast (D:3)
  A necrophage (D:4)
  A hound (D:4)
  2 orc priests
  A gnoll bouda (D:4)
  Natasha (thrice) (D:2)
  An orc wizard (D:4)
  5 gnolls
  4 adders
  A worm (D:3)
  7 orcs
  5 bats
  5 endoplasms
  6 giant cockroaches
  9 hobgoblins
  3 quokkas
  6 ball pythons
  3 frilled lizards
  8 goblins
  5 kobolds
  7 rats
84 creatures vanquished.

Notes
Turn   | Place    | Note
-------+----------+-------------------------------------------
     0 | D:1      | nightchill the Minotaur Fighter began the quest for the
                  | Orb.
     0 | D:1      | Reached XP level 1. HP: 19/19 MP: 0/0
   136 | D:1      | Reached skill level 3 in Maces & Flails
   168 | D:1      | Reached XP level 2. HP: 26/27 MP: 1/1
   695 | D:1      | Reached XP level 3. HP: 33/33 MP: 2/2
   811 | D:2      | Reached skill level 4 in Maces & Flails
   854 | D:2      | Noticed Natasha
   868 | D:2      | Killed Natasha
   869 | D:2      | Reached XP level 4. HP: 41/41 MP: 3/3
   998 | D:2      | Identified the +0 ring mail of Valiance {Fly rPois}
  1084 | D:2      | Noticed Natasha
  1092 | D:2      | Killed Natasha
  1117 | D:2      | Noticed Natasha
  1124 | D:2      | Killed Natasha
  1125 | D:2      | Reached skill level 5 in Maces & Flails
  1203 | D:2      | Reached skill level 5 in Fighting
  1203 | D:2      | Reached XP level 5. HP: 48/48 MP: 4/4
  1607 | D:3      | Noticed an ice beast
  1624 | D:3      | Killed an ice beast
  1625 | D:3      | Reached skill level 6 in Maces & Flails
  1625 | D:3      | Reached XP level 6. HP: 19/56 MP: 5/5
  1827 | D:3      | Found a shimmering altar of Xom.
  1836 | D:3      | Found a blossoming altar of Fedhas.
  2230 | D:4      | Reached skill level 7 in Maces & Flails
  2744 | D:4      | Reached XP level 7. HP: 7/63 MP: 6/6
  2746 | D:4      | HP: 2/63 [something/magic dart (5)]
  2748 | D:4      | Killed from afar by an orc wizard

Illustrated notes

Levels and vault maps discovered:
D:1:      mrwooster_arrival_arrow, layout_loops_ring
D:2:      layout_rooms, uniq_natasha
D:3:      layout_basic, mainiacjoe_overflow_large_starburst
D:4:      layout_rooms, gammafunk_ghost_necromancy, portal_sewer_entry_b,
          serial_shops, shop

Skill      XL: |  1  2  3  4  5  6 |
---------------+-------------------+-----
Maces & Flails | 3 4 5 6 7 |  7.7
Fighting       | 4 5 6 |  6.2
Armour         | |  3.6
Shields        | |  3.6

Action                   |  1- 3 |  4- 6 |  7- 9 || total
-------------------------+-------+-------+-------++-------
Melee: Flail             |    56 |   134 |     5 ||   195
       Headbutt          |     2 |    15 |       ||    17
  Use: Scroll            |       |     4 |       ||     4
       Potion            |       |     1 |       ||     1
Armor: Scale mail        |    28 |     2 |       ||    30
       Plate armour      |       |    71 |     1 ||    72
Dodge: Dodged            |    32 |    34 |       ||    66
Block: Buckler           |    15 |    28 |     1 ||    44
